 Dungeon Crawl Stone Soup version 0.25-a0-566-g062765be81 (webtiles) character file.

Game seed: 6764022336491582591, levelgen mode: deterministic

95805 Flugslaktarn the Severer (level 15, -7/142 HPs)
             Began as a Deep Dwarf Fighter on Feb 27, 2020.
             Was the Champion of Makhleb.
             Killed from afar by a death scarab (9 damage)
             ... with an exploding inner flame
             ... hexed by the player character
             ... on level 4 of the Spider Nest.
             The game lasted 00:13:48 (14306 turns).

Flugslaktarn the Severer (Deep Dwarf Fighter)      Turns: 14306, Time: 00:13:48

Health: -7/142     AC: 22    Str: 26    XL:     15   Next: 67%
Magic:  0/0        EV: 12    Int:  9    God:    Makhleb [******]
Gold:   1273       SH: 13    Dex: 12    Spells: 14/14 levels left

rFire    . . .     SeeInvis .   y - +1 broad axe
rCold    . . .     Gourm    .   c - +0 kite shield
rNeg     + . .     Faith    +   E - +0 plate armour
rPois    +         Spirit   .   p - +0 helmet
rElec    .         Reflect  .   x - +1 cloak {rPois}
rCorr    .         Harm     .   a - +1 pair of gloves
MR       ++...                  (no boots)
Stlth    ..........             J - amulet of faith
HPRegen  0.00/turn              v - +3 ring of evasion
MPRegen  0.07/turn              F - +2 ring of evasion

@: mighty, berserk cooldown, very slightly contaminated, non-regenerating,
hasted and slowed
A: damage resistance, heal wounds, camouflage 1, negative energy resistance 1,
sense surroundings 3, wild magic 1, no regeneration
a: Heal Wounds, Minor Destruction, Lesser Servant of Makhleb, Major Destruction,
Greater Servant of Makhleb, Renounce Religion


You were on level 4 of the Spider Nest.
You worshipped Makhleb.
Makhleb was exalted by your worship.
You were near starving.

You visited 3 branches of the dungeon, and saw 24 of its levels.
You also visited: Ice Cave.

You collected 1273 gold pieces.

Inventory:

Hand Weapons
 l - a +2 falchion of flaming
   (You took it off Eustachio on level 6 of the Dungeon)
 y - a +1 broad axe (weapon)
   (You found it on level 5 of the Dungeon)
 D - a +2 battleaxe of flaming
   (You took it off an orc warrior on level 10 of the Dungeon)
Missiles
 b - a throwing net (quivered)
Armour
 a - a +1 pair of gloves (worn)
   (You found it on level 5 of the Dungeon)
 c - a +0 kite shield (worn)
 p - a +0 helmet (worn)
   (You found it on level 3 of the Dungeon)
 x - a +1 cloak of poison resistance (worn)
   (You acquired it on level 10 of the Dungeon)
 E - a +0 plate armour (worn)
   (You took it off an orc warrior on level 10 of the Dungeon)
Jewellery
 o - an uncursed ring of poison resistance
   (You found it on level 11 of the Dungeon)
 v - a +3 ring of evasion (left hand)
   (You found it on level 5 of the Dungeon)
 F - a +2 ring of evasion (right hand)
   (You found it on level 11 of the Dungeon)
 J - an amulet of faith (around neck)
   (You found it on level 14 of the Dungeon)
 O - an uncursed ring of positive energy
   (You found it on level 3 of the Lair of Beasts)
Wands
 B - a wand of iceblast (19)
   (You found it in an ice cave)
 H - a wand of enslavement (8)
   (You found it on level 13 of the Dungeon)
 I - a wand of disintegration (7)
   (You found it on level 2 of the Spider Nest)
Scrolls
 f - 4 scrolls of fear
 i - 3 scrolls of immolation
 j - 2 scrolls of magic mapping
 r - 3 scrolls of identify
 t - 4 scrolls of teleportation
 K - 2 scrolls of fog
 M - a scroll of summoning
 P - a scroll of holy word
 Q - 8 scrolls of remove curse
 R - a scroll of enchant armour
Potions
 d - 5 potions of might
 g - 5 potions of lignification
 h - 3 potions of haste
 k - 2 potions of magic
 m - 3 potions of cancellation
 n - a potion of resistance
 q - a potion of curing
 s - a potion of ambrosia
 u - 8 potions of stabbing
 w - a potion of heal wounds
 C - 2 potions of invisibility
 L - 2 potions of brilliance
 N - 5 potions of flight
Comestibles
 e - 41 rations


   Skills:
 + Level 11.2 Fighting
 * Level 17.4 Axes
 + Level 13.1 Armour
 + Level 13.1 Shields
 + Level 13.7 Invocations


You had 14 spell levels left.
You didn't know any spells.
Your spell library was empty.

Dungeon Overview and Level Annotations

Branches:
Dungeon (15/15)            Temple (0/1) D:6            Lair (5/6) D:10
 Shoals (0/4) Lair:3       Spider (4/4) Lair:4        Slime (0/5) Lair:5
    Orc (0/2) D:10         Vaults (0/5) D:13         Depths (0/5) D:15
  IceCv (visited)

Altars:
Ashenzari
Cheibriados
Elyvilon
Hepliaklqana
Makhleb
Qazlal
Ru
Sif Muna
Uskayaw
Zin
Beogh
Jiyva

Annotations:
D:7 5 runed translucent doors
D:10 Snorg


Innate Abilities, Weirdness & Mutations

You are resistant to damage.
You can heal yourself by infusing magical energy.
You resist negative energy. (rN+)
You passively map a large area around you.
You do not regenerate.
Your skin changes colour to match your surroundings (Stealth+).
Your spells are a little harder to cast, but a little more powerful.


Message History

The spectral hornet is engulfed in blazing flames.
You closely miss the death scarab.
The death scarab is lightly damaged.
You slash the death scarab!
The death scarab explodes!
The fiery explosion engulfs the spectral hornet!!!
You destroy the spectral hornet!
Makhleb accepts your kill.
You feel better.
The fiery explosion engulfs the death scarab!!
Flame seeps out of the death scarab.
The death scarab is almost destroyed.
The fiery explosion engulfs you!!
* * * LOW HITPOINT WARNING * * *
Makhleb accepts your kill.
You are engulfed in blazing flames.
The death scarab is engulfed in blazing flames.
The death scarab explodes!
The fiery explosion engulfs you!
You die... 8

###############################
#≈°≈#^.^...†......≈≈≈≈......≈≈#
,
#≈≈≈≈≈≈≈....#..≈≈≈#≈≈.....[.≈≈#
8
#...≈≈≈†≈..%≈≈s≈≈≈≈≈.#..†..≈#≈#
,#.#...#≈≈≈≈≈≈≈≈≈.....$...†.≈≈≈#
,#........%#≈≈≈≈.#......#...≈≈.#
,#.....###################.#≈≈.#
,##....#^.§☼§§§§..^#.....#.≈≈..#
#.....#.#s§§§§@..^....#.#.≈≈..#
8
#.....#..ss§§°#.........#.≈†^%#
#..≈..#...##########...≈#.≈≈%##
#≈.#..#...#...... #..≈≈#≈≈≈..#
##≈≈...#.Z.#Z..... #≈%≈†#≈≈≈≈.#
##≈≈≈...##.Zss..... ##≈#≈#≈#≈≈.#
≈≈≈≈≈†..#.ZsZ$.....*
#.≈≈≈†≈%≈%.# ≈≈≈≈≈^..#..s'Z.....
,#..≈≈≈≈%≈.^#
##≈≈≈...#...'......
,#≈≈≈≈≈≈%≈.%#


You could see 2 demonic crawlers and a death scarab (inner flame).

Vanquished Creatures
  Arachne (Spider:3)
  2 sphinxes (D:12)
  Kirke (Lair:4)
  4 emperor scorpions (Spider:4)
  Louise (Spider:2)
  A stone giant (D:12)
  2 spark wasps
  A vault guard (D:13)
  4 two-headed ogres
  A death yak (D:10)
  5 death scarabs (Spider:4)
  Sonja (D:13)
  A wizard (D:13)
  3 unseen horrors
  3 spectral wolf spiders (Spider:4)
  6 orb spiders
  2 necromancers (D:13)
  A cyclops (D:14)
  A deep elf mage (D:14)
  12 wolf spiders
  2 black mambas
  7 ugly things
  2 manticores
  3 elephants (Lair:2)
  3 centaur zombies
  5 spiny frogs
  A torpor snail (Lair:2)
  3 spectral redbacks (Spider:4)
  2 rime drakes (Lair:5)
  7 freezing wraiths (IceCv)
  A yaktaur (D:13)
  2 komodo dragons
  5 demonic crawlers (Spider:2)
  A meliai (shapeshifter) (D:15)
  A queen bee (Lair:2)
  19 jumping spiders
  A troll (D:14)
  A spectral jumping spider (Spider:4)
  3 hornets
  12 blink frogs
  6 slime creatures
  6 hippogriffs
  2 spectral tarantellas (Spider:4)
  6 dream sheep (Lair:5)
  2 wyverns
  28 redbacks
  A wraith (D:13)
  Sigmund (D:2)
  13 tarantellas
  2 centaur simulacra
  37 yaks
  6 hogs
  3 basilisks
  10 vampire mosquitoes
  24 humans
  2 hungry ghosts
  Eustachio (D:6)
  An acid dragon (D:12)
  9 water moccasins
  Duvessa (D:5)
  8 porcupines
  5 phantoms
  A spectral hornet (Spider:4)
  An alligator simulacrum (IceCv)
  4 orc warriors
  8 ice beasts
  2 black bears
  A hornet zombie (Spider:4)
  2 sky beasts
  14 wolves
  A necrophage (D:6)
  3 centaurs
  5 ogres
  14 crocodiles
  A big kobold (D:12)
  Blork the orc (D:6)
  16 bullfrogs
  A wyvern skeleton (D:9)
  Dowan (D:5)
  6 scorpions
  34 killer bees
  A howler monkey (D:4)
  6 crimson imps
  A draconian simulacrum (IceCv)
  3 bullfrog skeletons
  6 hounds
  5 orc priests
  A jelly (D:11)
  9 orc wizards
  2 centaur skeletons
  9 iguanas
  11 worker ants
  8 hell rats
  A troll simulacrum (IceCv)
  2 polar bear simulacra (IceCv)
  A wolf simulacrum (IceCv)
  2 ogre simulacra (IceCv)
  10 adders
  2 shadow imps
  18 white imps
  2 worms
  2 leopard geckos (D:8)
  48 orcs
  A ball python (D:2)
  2 bats (D:3)
  4 giant cockroaches
  2 goblins
  7 hobgoblins
  12 jackals
  9 kobolds
  5 quokkas
  6 frilled lizards
  A leopard gecko skeleton (D:6)
  3 rats
  A fungus (Lair:3)
  A plant (Lair:2)
628 creatures vanquished.

Vanquished Creatures (collateral kills)
  A ghost moth (Spider:4)
  An emperor scorpion (Spider:4)
  2 hydras
  2 death yaks (D:10)
  3 wolf spiders
  3 orb spiders (Spider:3)
  A moth of wrath (Spider:4)
  A demonic crawler (Spider:4)
  A komodo dragon (Lair:1)
  4 jumping spiders (Spider:4)
  3 spectral tarantellas (Spider:4)
  A slime creature (D:14)
  A hornet (Spider:4)
  A jumping spider zombie (Spider:4)
  3 tarantellas
  2 redbacks (Spider:4)
  A yak (D:14)
  A wyvern (D:10)
  A crimson imp (D:14)
  A quokka (D:10)
34 creatures vanquished.

Vanquished Creatures (others)
  A jumping spider (Spider:4)
  A human (Lair:4)
  15 fungi (Lair:4)
  3 plants
20 creatures vanquished.

Grand Total: 682 creatures vanquished

Notes
Turn   | Place    | Note
-------+----------+-------------------------------------------
     0 | D:1      | Flugslaktarn the Deep Dwarf Fighter began the quest for the
                  | Orb.
     0 | D:1      | Reached XP level 1. HP: 20/20 MP: 1/1
   136 | D:2      | Noticed an iguana
   155 | D:2      | Killed an iguana
   155 | D:2      | Reached skill level 3 in Axes
   155 | D:2      | Reached XP level 2. HP: 27/27 MP: 1/1
   155 | D:2      | Reached XP level 3. HP: 33/33 MP: 2/2
   353 | D:2      | Noticed Sigmund
   363 | D:2      | Killed Sigmund
   363 | D:2      | Reached skill level 4 in Axes
   363 | D:2      | Reached XP level 4. HP: 25/42 MP: 3/3
   363 | D:2      | Reached XP level 5. HP: 30/49 MP: 4/4
   704 | D:3      | Found a shattered altar of Ashenzari.
   788 | D:4      | Reached XP level 6. HP: 47/56 MP: 4/4
   801 | D:4      | Reached skill level 5 in Axes
  1093 | D:4      | Reached XP level 7. HP: 45/64 MP: 5/5
  1095 | D:4      | Reached skill level 5 in Armour
  1095 | D:4      | Reached skill level 5 in Shields
  1473 | D:5      | Entered Level 5 of the Dungeon
  1625 | D:5      | Reached skill level 6 in Axes
  1637 | D:5      | Noticed Dowan
  1639 | D:5      | Noticed Duvessa
  1661 | D:5      | Killed Duvessa
  1667 | D:5      | Killed Dowan
  1672 | D:5      | Found a hide-covered altar of Uskayaw.
  1777 | D:5      | You fall into a shaft and drop 3 floors!
  1854 | D:8      | Reached XP level 8. HP: 45/73 MP: 6/6
  1875 | D:7      | Reached skill level 7 in Axes
  1922 | D:6      | Reached skill level 5 in Fighting
  1974 | D:6      | Noticed Blork the orc
  1981 | D:6      | Killed Blork the orc
  1981 | D:6      | Reached skill level 8 in Axes
  2182 | D:5      | Found a burning altar of Makhleb.
  2182 | D:5      | Found a stormy altar of Qazlal.
  2182 | D:5      | Found a white marble altar of Elyvilon.
  2216 | D:5      | Became a worshipper of Makhleb the Destroyer
  2311 | D:6      | Noticed Eustachio
  2334 | D:6      | Killed Eustachio
  2334 | D:6      | Reached skill level 1 in Invocations
  2436 | D:6      | Gained mutation: You passively map the area around you.
                  | [Deep Dwarf growth]
  2436 | D:6      | Reached XP level 9. HP: 44/81 MP: 5/7
  2551 | D:6      | Found a staircase to the Ecumenical Temple.
  3182 | D:7      | Found a sacrificial altar of Ru.
  3188 | D:7      | Found the +9 staff of Olgreb {rPois∞}
  3247 | D:7      | Reached skill level 9 in Axes
  3355 | D:7      | Found a runed translucent door.
  3355 | D:7      | Found a runed translucent gate.
  3356 | D:7      | Found a runed translucent gate.
  3363 | D:7      | Found a runed translucent gate.
  3371 | D:7      | Found a runed translucent door.
  3422 | D:7      | Found a hazy altar of Hepliaklqana.
  3443 | D:7      | Found a snail-covered altar of Cheibriados.
  3573 | D:8      | Noticed a two-headed ogre
  3599 | D:8      | Killed a two-headed ogre
  3625 | D:8      | Reached XP level 10. HP: 58/91 MP: 9/9
  3714 | D:8      | Reached skill level 10 in Axes
  3767 | D:8      | Reached * piety under Makhleb
  4308 | D:9      | Reached skill level 5 in Invocations
  4444 | D:9      | Noticed a two-headed ogre
  4462 | D:9      | Killed a two-headed ogre
  4497 | D:9      | Found a shimmering blue altar of Sif Muna.
  4910 | D:10     | Entered Level 10 of the Dungeon
  5019 | D:9      | Found a glowing silver altar of Zin.
  5085 | D:10     | Killed an unseen horror
  5085 | D:10     | Reached ** piety under Makhleb
  5141 | D:10     | Reached skill level 11 in Axes
  5366 | D:10     | Found a roughly hewn altar of Beogh.
  5367 | D:10     | Found a staircase to the Orcish Mines.
  5367 | D:10     | Noticed Snorg
  5608 | D:10     | Noticed a two-headed ogre
  5621 | D:10     | Killed a two-headed ogre
  5621 | D:10     | Reached XP level 11. HP: 54/100 MP: 7/9
  5676 | D:10     | Reached *** piety under Makhleb
  5856 | D:10     | Noticed a death yak
  5856 | D:10     | Noticed a death yak
  5856 | D:10     | Noticed a death yak
  5859 | D:10     | Found a staircase to the Lair.
  5881 | D:10     | Killed a death yak
  5890 | D:10     | Killed a death yak
  5900 | D:10     | Killed a death yak
  5962 | D:10     | Identified the Collected Works on Supportive Contamination
  6065 | D:10     | Identified a scroll of acquirement
  6641 | D:11     | Reached skill level 12 in Axes
  6784 | D:11     | Noticed a white ugly thing
  6803 | D:11     | HP: 3/102 [white ugly thing (26)]
  6805 | D:11     | Killed a white ugly thing
  7113 | D:12     | Reached **** piety under Makhleb
  7170 | D:12     | Killed an unseen horror
  7406 | D:12     | Paralysed by a hornet for 1 turns
  7504 | D:12     | Noticed a stone giant
  7504 | D:12     | Noticed a sphinx
  7517 | D:12     | Noticed a sphinx
  7537 | D:12     | Killed a sphinx
  7537 | D:12     | Reached XP level 12. HP: 71/110 MP: 9/9
  7562 | D:12     | Killed a stone giant
  7589 | D:12     | Killed a sphinx
  7589 | D:12     | Reached skill level 13 in Axes
  7589 | D:12     | Reached skill level 10 in Armour
  7589 | D:12     | Reached skill level 10 in Shields
  7658 | D:12     | Found a burning altar of Makhleb.
  8012 | D:13     | Found a frozen archway.
  8044 | IceCv    | Entered an ice cave
  8090 | IceCv    | Reached ***** piety under Makhleb
  8235 | IceCv    | Found an ancient bone altar of Kikubaaqudgha.
  8547 | D:13     | Reached skill level 10 in Invocations
  8566 | D:13     | Found a gate to the Vaults.
  8566 | D:13     | Noticed a vault guard
  8581 | D:13     | Reached skill level 14 in Axes
  8582 | D:13     | Killed a vault guard
  8655 | D:13     | Reached XP level 13. HP: 117/121 MP: 5/5
  8718 | D:13     | Noticed Sonja
  8721 | D:13     | Killed Sonja
  9481 | D:15     | Entered Level 15 of the Dungeon
  9565 | D:15     | Found a staircase to the Depths.
  9848 | Lair:1   | Entered Level 1 of the Lair of Beasts
  9879 | Lair:1   | You fall into a shaft and drop 1 floor!
  9912 | Lair:2   | Reached skill level 15 in Axes
 10496 | Lair:2   | Reached ****** piety under Makhleb
 10771 | Lair:2   | Gained mutation: You resist negative energy. (rN+) [Deep
                  | Dwarf growth]
 10771 | Lair:2   | Reached XP level 14. HP: 119/130 MP: 4/4
 10949 | Lair:2   | Reached skill level 10 in Fighting
 11240 | Lair:3   | Found a staircase to the Shoals.
 11867 | Lair:4   | Noticed Kirke
 11883 | Lair:4   | Killed Kirke
 12013 | Lair:4   | Found a hole to the Spider Nest.
 12294 | Lair:4   | Gained mutation: You are frail. (-10% HP) [potion of
                  | mutation]
 12294 | Lair:4   | Gained mutation: You passively map a large area around you.
                  | [potion of mutation]
 12294 | Lair:4   | Gained mutation: You are occasionally teleported next to
                  | monsters. [potion of mutation]
 12294 | Lair:4   | Gained mutation: You are partially covered in iridescent
                  | scales. (AC +2) [potion of mutation]
 12983 | Lair:5   | Found a staircase to the Slime Pits.
 12984 | Lair:5   | Found a viscous altar of Jiyva.
 13037 | Lair:5   | Reached skill level 16 in Axes
 13213 | Spider:1 | Entered Level 1 of the Spider Nest
 13432 | Spider:2 | Noticed Louise
 13483 | Spider:2 | Killed Louise
 13733 | Spider:3 | Reached XP level 15. HP: 66/126 MP: 5/5
 13766 | Spider:3 | Noticed Arachne
 13845 | Spider:3 | Killed Arachne
 13855 | Spider:3 | HP: 2/126 [disintegration (45)]
 13877 | Spider:4 | Entered Level 4 of the Spider Nest
 14008 | Spider:4 | Reached skill level 17 in Axes
 14040 | Spider:4 | HP: 6/126 [something (9)]
 14143 | Spider:4 | Lost mutation: You are occasionally teleported next to
                  | monsters. [potion of mutation]
 14143 | Spider:4 | Lost mutation: You are frail. (-10% HP) [potion of
                  | mutation]
 14143 | Spider:4 | Lost mutation: You are partially covered in iridescent
                  | scales. (AC +2) [potion of mutation]
 14143 | Spider:4 | Gained mutation: Your spells are a little harder to cast,
                  | but a little more powerful. [potion of mutation]
 14143 | Spider:4 | Gained mutation: Your skin changes colour to match your
                  | surroundings (Stealth+). [potion of mutation]
 14181 | Spider:4 | Killed a ghost moth
 14297 | Spider:4 | HP: 5/142 [death scarab (15)]
 14306 | Spider:4 | HP: 2/142 [death scarab/exploding inner flame[the player
                  | character] (26)]
 14306 | Spider:4 | Killed from afar by a death scarab

Levels and vault maps discovered:
D:1:      heliophobic_arrival_enchanted_forest, layout_loops_cross, st_stairs_9
D:2:      layout_loops_ring, minmay_between, uniq_crazy_yiuf_cottage,
          uniq_sigmund
D:3:      layout_rooms, first_ration, hangedman_decor_push,
          evilmike_ruin_ashenzari
D:4:      layout_basic
D:5:      layout_rooms, lemuel_coloured_pillars_altar,
          gammafunk_temple_overflow_forgotten, grunt_ministairs_10, uniq_duvessa
D:6:      layout_gridville, minmay_temple_entry_hall, serial_rivers,
          chequers_serial_rivers_micro_e, chequers_serial_rivers_micro_b,
          chequers_serial_rivers_small_a, chequers_serial_rivers_room_a,
          chequers_serial_rivers_micro_e, chequers_serial_rivers_room_a,
          minmay_ruffians, uniq_eustachio, uniq_blork_the_orc
D:7:      layout_cave_pools, nicolae_overflow_hidden_temple, grunt_livestock,
          minmay_guarded_unrand_staff_of_olgreb
D:8:      layout_gridville
D:9:      layout_basic, nicolae_overflow_crystal_walls, zin_treasury, hex_tiny
D:10:     layout_loops_cross, dpeg_lair_monsters, david_orc_5,
          hangedman_decor_diamond_cutter, uniq_snorg
D:11:     layout_basic
D:12:     minmay_glassy_protrusions, layout_stronghold, basic_altar
D:13:     layout_irregular_city, grunt_vaults_entry_tiered,
          portal_ice_cave_entry_imps, uniq_sonja
D:14:     layout_cave_pods, nicolae_wwwww, nicolae_ru_the_path_less_chosen
D:15:     gammafunk_depths_entry_grave, layout_rooms, serial_ice, serial_ice_e,
          serial_ice_a, serial_ice_m, serial_ice_h, serial_ice_j, serial_ice_o,
          grunt_decor_fettered
Lair:1:   layout_gridlike
Lair:2:   regret_index_wax_grids, layout_cave_shapes, lemuel_fruit_tree
Lair:3:   layout_cave_pods, shoals_dummy_entry, chequers_serial_rivers_large_b
Lair:4:   layout_long_grid, nicolae_spider_entry_tight_spaces, uniq_kirke
Lair:5:   layout_cave_pods, slime_altar_1, minmay_lair_oklob_items
Spider:1: layout_spider_delve, drop_trap, uniq_agnes, uniq_rupert
Spider:2: layout_spider_delve, uniq_louise
Spider:3: layout_spider_delve, gammafunk_ghost_grave, drop_trap, uniq_arachne
Spider:4: floodkiller_spider_rune_tomb

Skill      XL: |  1  2  3  4  5  6  7  8  9 10 11 12 13 14 15 |
---------------+----------------------------------------------+-----
Axes           | 3 4 5 6 8 9 11 12 14 15 16 17 | 17.4
Fighting       | 3 4 5 6 7 8 9 10 11 | 11.2
Armour         | 4 5 6 7 8 9 10 11 12 13 | 13.1
Shields        | 4 5 6 7 8 9 10 11 12 13 | 13.1
Invocations    | 1 4 6 8 10 11 12 13 | 13.7

Action                   |  1- 3 |  4- 6 |  7- 9 | 10-12 | 13-15 || total
-------------------------+-------+-------+-------+-------+-------++-------
Melee: War axe           |    61 |   131 |    61 |       |       ||   253
       Broad axe         |       |       |   289 |   984 |  1446 ||  2719
Invok: Lesser Servant of |       |       |       |     1 |     7 ||     8
       Greater Servant o |       |       |       |       |     8 ||     8
 Abil: Heal Wounds       |     2 |     3 |    10 |    35 |    32 ||    82
Evoke: Wand              |       |       |       |       |     3 ||     3
  Use: Scroll            |       |       |    14 |    14 |    13 ||    41
       Potion            |       |       |       |     2 |    12 ||    14
 Stab: Distracted        |       |       |       |     2 |     8 ||    10
  Eat: Chunk             |       |     1 |     9 |    19 |    19 ||    48
       Ration            |       |       |       |     1 |     1 ||     2
Armor: Scale mail        |    22 |    64 |   124 |    46 |       ||   256
       Chain mail        |       |       |       |   140 |       ||   140
       Plate armour      |       |       |       |   370 |   975 ||  1345
Dodge: Dodged            |    15 |    47 |   145 |   433 |   912 ||  1552
Block: Kite shield       |    30 |    68 |   201 |   700 |  1272 ||  2271

Table legend:
 A = Non-vault XP
 B = Vault XP
 C = Vault XP percentage of total XP
 D = Non-vault monster count
 E = Vault monster count
 F = Vault count percentage of total count
                 A         B        C        D         E       F
            +---------+---------+-------+---------+---------+-------
      Total |   72351 |   64514 |  47.1 |     424 |     236 |  35.8
            +---------+---------+-------+---------+---------+-------
        D:1 |       3 |       0 |   0.0 |       2 |       0 |   0.0
        D:2 |      12 |     263 |  95.6 |       7 |       4 |  36.4
        D:3 |      29 |       0 |   0.0 |      14 |       0 |   0.0
        D:4 |     608 |       0 |   0.0 |      18 |       0 |   0.0
        D:5 |     223 |     272 |  54.9 |      13 |       3 |  18.8
        D:6 |     358 |    1053 |  74.6 |      13 |       6 |  31.6
        D:7 |     380 |     985 |  72.2 |       5 |       5 |  50.0
        D:8 |    2053 |       0 |   0.0 |      40 |       0 |   0.0
        D:9 |    2036 |       0 |   0.0 |      18 |       0 |   0.0
       D:10 |    3571 |    2568 |  41.8 |      26 |      30 |  53.6
       D:11 |    2734 |       0 |   0.0 |      26 |       0 |   0.0
       D:12 |    3048 |    6255 |  67.2 |      18 |       5 |  21.7
       D:13 |    1759 |    8133 |  82.2 |       9 |      38 |  80.9
       D:14 |    9895 |       0 |   0.0 |      35 |       0 |   0.0
       D:15 |    1533 |     446 |  22.5 |       6 |       2 |  25.0
     Lair:1 |    2148 |       0 |   0.0 |       8 |       0 |   0.0
     Lair:2 |    7812 |    5921 |  43.1 |      38 |      45 |  54.2
     Lair:3 |    3319 |       0 |   0.0 |      19 |       0 |   0.0
     Lair:4 |    2472 |    4518 |  64.6 |      19 |      11 |  36.7
     Lair:5 |    5477 |       0 |   0.0 |      24 |       0 |   0.0
   Spider:1 |     605 |       0 |   0.0 |       1 |       0 |   0.0
   Spider:2 |   11789 |    1686 |  12.5 |      36 |       1 |   2.7
   Spider:3 |   10487 |    2998 |  22.2 |      29 |       1 |   3.3
   Spider:4 |       0 |   25833 | 100.0 |       0 |      58 | 100.0
      IceCv |       0 |    3583 | 100.0 |       0 |      27 | 100.0
            +---------+---------+-------+---------+---------+-------
